 Dungeon Crawl Stone Soup version 0.22.1-2-g9c5b331383 (webtiles) character file.

157453 Cykl0x the Severer (level 17, -21/111 HPs)
             Began as a Gargoyle Fighter on Nov 16, 2018.
             Was the Champion of Okawaru.
             Shot with an arrow by a deep elf master archer (28 damage)
             ... on level 3 of the Elven Halls.
             The game lasted 01:49:35 (25227 turns).

Cykl0x the Severer (Gargoyle Fighter)              Turns: 25227, Time: 01:49:37

Health: -21/111    AC: 49    Str: 26    XL:     17   Next: 69%
Magic:  19/19      EV:  5    Int: 14    God:    Okawaru [******]
Gold:   2338       SH:  0    Dex: 16    Spells: 16/16 levels left

rFire    + . .     SeeInvis .   v - +8 mithril axe "Arga" {speed, MR+}
rCold    . . .     Gourm    .   O - +7 large shield "Idee" {rPois Dex+3}
rNeg     + . .     Faith    .   D - +3 crystal plate armour
rPois    ∞         Spirit   .   o - +1 hat {MR+}
rElec    +         Reflect  .   J - +2 cloak of the Game of Life {-Cast rElec rF+ Regen+}
rCorr    .         Harm     .   W - +2 pair of gloves {archery}
MR       +++++     NoCast   +   j - +0 pair of boots
Stlth    ..........             u - amulet of regeneration
HPRegen  1.08/turn              L - ring "Voju" {+Blink MR+ Int+2 Slay+3 Stlth-}
MPRegen  0.16/turn              z - ring "Riurchyar" {rPois Str+4 Dex+2 Slay+2}

@: confused, hasted, studying Armour, drained, very quick
A: big wings, horns 1, thin metallic scales 1, magic resistance 1, negative
energy resistance 1, electricity resistance, unbreathing, petrification
resistance, rot immunity, subdued magic 1, AC +12
a: Fly, Heroism, Finesse, Renounce Religion, Evoke Blink


You were on level 3 of the Elven Halls.
You worshipped Okawaru.
Okawaru was exalted by your worship.
You were hungry.

You visited 4 branches of the dungeon, and saw 26 of its levels.
You also visited: Labyrinth, Ossuary and Bailey.

You collected 4614 gold pieces.
You spent 2276 gold pieces at shops.

Inventory:

Hand Weapons
 g - a +1 hand axe of flaming
 v - the +8 mithril axe "Arga" (weapon) {speed, MR+}
   (You bought it in a shop on level 2 of the Orcish Mines)

   Attacks with this weapon are significantly faster.
   It affects your resistance to hostile enchantments.
 X - a +1 broad axe
Missiles
 b - 21 tomahawks
 c - 2 steel javelins
 G - 15 javelins (quivered)
Armour
 j - a +0 pair of boots (worn)
 o - a +1 hat of magic resistance (worn)
 D - a +3 crystal plate armour (worn)
 J - the +2 cloak of the Game of Life (worn) {-Cast rElec rF+ Regen+}
   (You found it in a labyrinth)

   It protects you from fire.
   It insulates you from electricity.
   It prevents spellcasting.
   It increases your rate of regeneration.
 O - the +7 large shield "Idee" (worn) {rPois Dex+3}
   (Okawaru gifted it to you on level 14 of the Dungeon)

   It affects your dexterity (+3).
   It protects you from poison.
 W - a +2 pair of gloves of archery (worn)
Jewellery
 q - a +4 ring of strength
 u - an amulet of regeneration (around neck)
 w - an uncursed ring of see invisible
 z - the ring "Riurchyar" (right hand) {rPois Str+4 Dex+2 Slay+2}
   (You bought it in a shop on level 2 of the Orcish Mines)

   [ring of dexterity]

   It affects your strength (+4).
   It affects your dexterity (+2).
   It affects your accuracy and damage with ranged weapons and melee attacks
   (+2).
   It protects you from poison.
 E - an uncursed ring of resist corrosion
 F - a +4 ring of dexterity {unknown}
 L - the ring "Voju" (left hand) {+Blink MR+ Int+2 Slay+3 Stlth-}
   (You found it on level 6 of the Lair of Beasts)

   [ring of attention]

   It affects your intelligence (+2).
   It affects your accuracy and damage with ranged weapons and melee attacks
   (+3).
   It affects your resistance to hostile enchantments.
   It lets you blink.
   It makes you less stealthy.
Wands
 x - a wand of acid (23)
 y - a wand of polymorph (23)
 A - a wand of iceblast (40)
 C - a wand of flame (22)
 N - a wand of disintegration (14)
 P - a wand of digging (19)
 R - a wand of paralysis (43)
 V - a wand of scattershot (5)
Scrolls
 h - a scroll of amnesia
 l - 12 scrolls of teleportation
 m - 7 scrolls of identify
 n - 4 scrolls of fog
 t - 11 scrolls of remove curse
 B - 3 scrolls of torment
 M - a scroll of noise {unknown}
 U - 2 scrolls of magic mapping
Potions
 a - 2 potions of ambrosia
 d - 5 potions of might
 i - 5 potions of agility
 k - 10 potions of curing
 p - a potion of mutation
 r - 3 potions of haste
 s - 3 potions of lignification
 H - a potion of berserk rage
 Q - 3 potions of resistance
 S - a potion of invisibility
 Z - 2 potions of brilliance
Books
 I - a manual of Armour
Miscellaneous
 e - a phial of floods
 K - a phial of floods
Comestibles
 f - 39 rations


   Skills:
 + Level 14.2(13.9) Fighting
 + Level 18.1(17.8) Axes
   Level 1.4(12.0) Polearms
 + Level 3.0(2.8) Throwing
 + Level 12.8(12.5) Armour
 + Level 2.3(2.1) Dodging
 + Level 1.2(0.9) Stealth
 + Level 17.1(16.8) Shields
 + Level 2.8(2.6) Invocations
 + Level 2.4(2.1) Evocations


You had 16 spell levels left.
You didn't know any spells.
Your spell library contained the following spells:

 Spells                   Type           Power        Failure   Level  Hunger
 Animate Skeleton         Necr           N/A          100%        1    ##.....
 Apportation              Tloc           #.....       100%        1    ##.....
 Beastly Appendage        Tmut           #.....       100%        1    ##.....
 Confusing Touch          Hex            #.....       100%        1    ##.....
 Corona                   Hex            #......      100%        1    ##.....
 Flame Tongue             Conj/Fire      #....        100%        1    ##.....
 Freeze                   Ice            #...         100%        1    ##.....
 Infusion                 Chrm           #...         100%        1    ##.....
 Sandblast                Erth           #.....       100%        1    ##.....
 Summon Small Mammal      Summ           #...         100%        1    ##.....
 Ensorcelled Hibernation  Hex/Ice        #.....       100%        2    ###....
 Passwall                 Tmut/Erth      #.......     100%        2    ###....
 Shroud of Golubria       Chrm/Tloc      #.........   100%        2    ###....
 Song of Slaying          Chrm           #.......     100%        2    ###....
 Sticks to Snakes         Tmut           #.......     100%        2    ###....
 Throw Flame              Conj/Fire      #.....       100%        2    ###....
 Throw Frost              Conj/Ice       #.....       100%        2    ###....
 Confuse                  Hex            #.......     100%        3    ####...
 Conjure Flame            Conj/Fire      #.......     100%        3    ####...
 Dazzling Spray           Conj/Hex       #.....       100%        3    ####...
 Gell's Gravitas          Tloc           #.........   100%        3    ####...
 Ignite Poison            Fire/Tmut/Pois #.......     100%        3    ####...
 Inner Flame              Hex/Fire       #.......     100%        3    ####...
 Ozocubu's Armour         Chrm/Ice       #.......     100%        3    ####...
 Recall                   Summ/Tloc      N/A          100%        3    ####...
 Regeneration             Chrm/Necr      #.........   100%        3    ####...
 Spectral Weapon          Hex/Chrm       #.......     100%        3    ####...
 Spider Form              Tmut/Pois      #.........   100%        3    ####...
 Stone Arrow              Conj/Erth      #.....       100%        3    ####...
 Tukima's Dance           Hex            #.......     100%        3    ####...
 Ice Form                 Ice/Tmut       #.......     100%        4    #####..
 Leda's Liquefaction      Hex/Erth       #.........   100%        4    #####..
 Petrify                  Tmut/Erth      #.......     100%        4    #####..
 Sticky Flame             Conj/Fire      #.......     100%        4    #####..
 Summon Ice Beast         Ice/Summ       #.......     100%        4    #####..
 Throw Icicle             Conj/Ice       #.......     100%        4    #####..
 Aura of Abjuration       Summ           #.........   100%        5    ######.
 Blade Hands              Tmut           #.........   100%        5    ######.
 Bolt of Magma            Conj/Fire/Erth #.........   100%        5    ######.
 Fireball                 Conj/Fire      #.........   100%        5    ######.
 Iskenderun's Battlesphe  Conj/Chrm      #.......     100%        5    ######.
 Lee's Rapid Deconstruct  Erth           #.........   100%        5    ######.
 Metabolic Englaciation   Hex/Ice        #.........   100%        5    ######.
 Summon Demon             Summ           #.........   100%        5    ######.
 Summon Forest            Summ/Tloc      #.........   100%        5    ######.
 Summon Mana Viper        Hex/Summ       #.......     100%        5    ######.
 Venom Bolt               Conj/Pois      #.........   100%        5    ######.
 Yara's Violent Unravell  Hex/Tmut       #.........   100%        5    ######.
 Bolt of Fire             Conj/Fire      #.........   100%        6    #######
 Iron Shot                Conj/Erth      #.........   100%        6    #######
 Shadow Creatures         Summ           N/A          100%        6    #######
 Orb of Destruction       Conj           #.........   100%        7    #######
 Ring of Flames           Chrm/Fire      #.........   100%        7    #######
 Spellforged Servitor     Conj/Summ      #.........   100%        7    #######
 Ignition                 Fire           #.........   100%        8    #######
 Shatter                  Erth           #.........   100%        9    #######
 Statue Form              Tmut/Erth      Unusable     N/A         6    N/A

Dungeon Overview and Level Annotations

Branches:
Dungeon (15/15)            Temple (0/1) D:6            Lair (6/6) D:10
  Swamp (0/4) Lair:4       Spider (0/4) Lair:3        Slime (0/5) Lair:5
    Orc (2/2) D:10            Elf (3/3) Orc:2        Vaults (0/5) D:14
 Depths (0/5) D:15

Altars:
Dithmenos
Elyvilon
Fedhas
Gozag
Hepliaklqana
Kikubaaqudgha
Makhleb
Nemelex Xobeh
Okawaru
Qazlal
Sif Muna
Uskayaw
Vehumet
Xom
Yredelemnul
Zin
The Shining One
Jiyva

Shops:
D:9 [   Orc:2 (*=([   Elf:1 =   Elf:2 [

Annotations:
D:14 3 runed doors, Potaxt's ghost, journeyman GnEn
Lair:3 2 transporters, Vomp's ghost, journeyman MiFi
Lair:5 1 runed door


Innate Abilities, Weirdness & Mutations

You are resistant to torment.
Your stone body is resilient. (AC +12)
You are immune to poison.
Your large and strong wings let you fly indefinitely.
You resist negative energy. (rN+)
You are resistant to electric shocks. (rElec)
You can survive without breathing.
You are immune to petrification.
You are immune to rotting.
You have a pair of small horns on your head.
You are partially covered in thin metallic scales. (AC +2)
You are resistant to hostile enchantments. (MR+)
Your spells are a little easier to cast, but a little less powerful.


Message History

The deep elf high priest mumbles some strange prayers to its god against you.
Something smites you!
* * * LOW HITPOINT WARNING * * *
The deep elf annihilator points at you and mumbles some strange words.
The bolt of lightning hits you! You resist.
* * * LOW HITPOINT WARNING * * *
The deep elf master archer shoots an arrow.
You block the arrow.
The deep elf high priest calls down the wrath of its god upon you.
Something smites you!
* * * LOW HITPOINT WARNING * * *
Items here: ( )) [[ a longbow; 14 arrows; a leather armour; a long sword; a leather armour You are confused.
You feel invigorated.
The deep elf annihilator mumbles some strange words.
The deep elf annihilator blinks!
The deep elf master archer shoots an arrow.
The arrow hits you!!
You die...

#...##.....##8##8##8##
####...#......###########
#................## #8
#.............###.# ##
######....##### ### # #(#
## #(# #8 #(# ## #@# ##
#)# ##. #)# ##..


#..4eeeee§ee# #... ##..3eeeee.## ##.. #.EE§E342.# #.. #§§§§..e4.# ##..
..§.§........ #### ....§.......... #... You could see a deep elf master archer,
2 deep elf annihilators, a deep elf sorcerer, a deep elf elementalist, a deep
elf demonologist, a deep elf high priest, a sixfirhy, 2 fire elementals and a
chaos spawn.

Vanquished Creatures
  Rupert (D:12)
  A deep elf master archer (Elf:3)
  3 deep elf blademasters
  2 deep elf sorcerers
  A deep elf elementalist (Elf:3)
  An orc warlord (Orc:2)
  A stone giant (D:13)
  A deep elf demonologist (Elf:2)
  2 deep elf annihilators
  Azrael (Orc:2)
  A dire elephant (D:15)
  An ettin (Orc:2)
  5 deep elf death magi
  A minotaur (Lab)
  A deep elf high priest (Elf:3)
  6 hydras
  2 vault guards (D:14)
  Erica (D:8)
  20 dancing weapons
  2 centaur warriors (D:13)
  10 death yaks
  3 two-headed ogres
  A tengu warrior (D:14)
  An orc high priest (Orc:2)
  18 deep elf knights
  Nergalle (Lair:1)
  A fire crab (D:13)
  A small abomination (Elf:3)
  A flayed ghost (D:10)
  5 unseen horrors
  A swamp dragon (shapeshifter) (Elf:2)
  10 deep elf archers
  An orange crystal statue (D:12)
  4 wizards
  A wolf spider (D:15)
  A necromancer (D:14)
  A lindwurm (Lair:6)
  4 orc knights
  7 orc sorcerers
  41 deep elf magi
  9 ugly things
  A salamander (D:15)
  2 cyclopes
  An oklob plant (Lair:6)
  2 manticores (D:11)
  3 elephants (Lair:5)
  Joseph (D:8)
  8 black mambas
  2 torpor snails
  28 spiny frogs
  2 gargoyles (D:12)
  Psyche (D:9)
  2 rime drakes
  4 komodo dragons
  A yaktaur (D:14)
  An efreet (D:15)
  2 merfolk
  A queen bee (shapeshifter) (Elf:2)
  A tengu conjurer (D:14)
  8 trolls
  A polar bear (Lair:6)
  8 tyrant leeches
  A hornet (D:13)
  18 blink frogs
  A raiju (shapeshifter) (Elf:2)
  3 slime creatures (D:14)
  Prince Ribbit (D:6)
  15 hippogriffs
  A spriggan (shapeshifter) (D:13)
  A vampire (D:15)
  2 air elementals (Elf:2)
  6 wraiths
  2 shadows
  A spriggan (D:11)
  A water elemental (Elf:2)
  3 basilisks
  A wyvern (D:9)
  20 humans (D:14)
  13 yaks
  4 hungry ghosts
  A fire elemental (Elf:2)
  3 fire bats (D:10)
  8 vampire mosquitoes
  3 wargs
  4 swamp worms (Lair:4)
  A soldier ant (D:15)
  10 water moccasins
  5 hell hounds (Orc:2)
  25 orc warriors
  9 porcupines
  2 ice beasts
  3 black bears
  A hornet zombie (D:15)
  A necrophage (D:9)
  5 sky beasts
  3 phantoms
  24 wolves
  A boggart (Elf:1)
  12 ogres
  4 centaurs
  18 crocodiles
  2 big kobolds
  37 bullfrogs
  9 gnoll sergeants
  4 scorpions
  10 killer bees
  2 spriggan skeletons (Lab)
  A howler monkey (D:6)
  9 crimson imps
  4 jellies
  4 lava snakes (Lair:1)
  4 bullfrog zombies
  4 centaur zombies
  6 gnoll shamans (Bailey)
  18 hounds
  5 bullfrog skeletons
  18 orc priests
  3 centaur skeletons
  5 iguanas
  20 orc wizards
  10 worker ants
  A killer bee zombie (D:6)
  3 big kobold zombies (Ossuary)
  2 ogre skeletons (Lab)
  A hound zombie (D:9)
  6 mummies (Ossuary)
  2 hound skeletons (D:4)
  29 gnolls
  A river rat (D:15)
  8 adders
  5 shadow imps
  9 oozes
  An adder zombie (D:9)
  3 adder skeletons
  7 worms
  2 dart slugs
  3 leopard geckos
  59 orcs
  13 bats
  4 giant cockroaches
  8 goblins
  5 hobgoblins
  8 jackals
  5 quokkas
  5 frilled lizards
  5 hobgoblin zombies (Ossuary)
  20 kobolds
  3 leopard gecko zombies
  A quokka skeleton (D:8)
  3 rats (D:1)
  2 rat zombies (D:5)
  A bush (Lair:4)
  2 butterflies (Lair:2)
  4 crawling corpses (Elf:3)
  9 fungi
  23 plants
931 creatures vanquished.

Vanquished Creatures (others)
  2 orcs (D:13)
  6 fungi
  20 plants
  6 toadstools (D:3)
34 creatures vanquished.

Grand Total: 965 creatures vanquished

Notes
Turn   | Place    | Note
-------+----------+-------------------------------------------
     0 | D:1      | Cykl0x the Gargoyle Fighter began the quest for the Orb.
     0 | D:1      | Reached XP level 1. HP: 14/14 MP: 1/1
   346 | D:1      | Reached skill level 2 in Axes
   346 | D:1      | Reached XP level 2. HP: 19/19 MP: 2/2
   870 | D:2      | Reached XP level 3. HP: 23/23 MP: 3/3
  1148 | D:2      | Found a radiant altar of Vehumet.
  1286 | D:3      | Found a deep blue altar of Sif Muna.
  1350 | D:3      | Reached skill level 3 in Axes
  1350 | D:3      | Reached XP level 4. HP: 22/28 MP: 4/4
  1379 | D:3      | Found a sparkling altar of Nemelex Xobeh.
  1500 | D:3      | Found a faded altar of an unknown god.
  1576 | D:3      | Reached XP level 5. HP: 33/33 MP: 5/5
  1594 | D:3      | Reached skill level 4 in Axes
  1594 | D:3      | Reached skill level 1 in Dodging
  1697 | D:3      | Found a basalt altar of Yredelemnul.
  1839 | D:3      | Reached XP level 6. HP: 32/38 MP: 6/6
  2028 | D:3      | Found a white marble altar of Elyvilon.
  2549 | D:4      | Reached skill level 5 in Axes
  2549 | D:4      | Reached XP level 7. HP: 30/43 MP: 7/7
  2817 | D:4      | Reached skill level 5 in Shields
  3132 | D:5      | Entered Level 5 of the Dungeon
  3138 | D:5      | Reached skill level 6 in Axes
  3138 | D:5      | Reached XP level 8. HP: 43/48 MP: 8/8
  3206 | D:5      | Found the +6 lightning scales {run, rElec}
  3322 | D:5      | Reached skill level 5 in Fighting
  3494 | D:5      | Got a scorched trident
  3495 | D:5      | Identified the cursed +3 trident of Nacierra {speed, rN+}
                  | (You found it on level 5 of the Dungeon)
  3734 | D:5      | Found a sand-covered staircase.
  3742 | Ossuary  | Entered an ossuary
  3816 | Ossuary  | Reached skill level 1 in Polearms
  4521 | D:6      | Noticed Prince Ribbit
  4529 | D:6      | Reached skill level 7 in Axes
  4593 | D:6      | Killed Prince Ribbit
  4593 | D:6      | Reached skill level 5 in Armour
  4593 | D:6      | Reached XP level 9. HP: 21/54 MP: 9/9
  4913 | D:6      | Found an iron altar of Okawaru.
  4913 | D:6      | Found a hazy altar of Hepliaklqana.
  4913 | D:6      | Found an opulent altar of Gozag.
  4917 | D:6      | Became a worshipper of Warmaster Okawaru
  5054 | D:6      | Found a hide-covered altar of Uskayaw.
  5081 | D:6      | Reached skill level 8 in Axes
  5159 | D:6      | Reached skill level 1 in Evocations
  5187 | D:6      | Found a blossoming altar of Fedhas.
  5196 | D:6      | Found a shadowy altar of Dithmenos.
  5366 | D:6      | Reached * piety under Okawaru
  5507 | D:6      | Found a staircase to the Ecumenical Temple.
  5899 | D:7      | Found a blossoming altar of Fedhas.
  5938 | D:7      | Reached skill level 9 in Axes
  6187 | D:7      | Found a glowing silver altar of Zin.
  6422 | D:8      | Noticed Erica
  6446 | D:8      | Killed Erica
  6446 | D:8      | Reached ** piety under Okawaru
  6446 | D:8      | Reached XP level 10. HP: 51/61 MP: 10/10
  6631 | D:8      | Found a glowing golden altar of the Shining One.
  6680 | D:8      | Noticed Joseph
  6681 | D:8      | Noticed a two-headed ogre
  6707 | D:8      | Killed Joseph
  6707 | D:8      | Reached skill level 10 in Axes
  6716 | D:8      | Killed a two-headed ogre
  6716 | D:8      | Reached skill level 1 in Throwing
  7072 | D:9      | Reached *** piety under Okawaru
  7132 | D:9      | Noticed Psyche
  7144 | D:9      | Killed Psyche
  7144 | D:9      | Received a gift from Okawaru
  7159 | D:9      | Found Dugy's Antique Armour Emporium.
  7737 | D:10     | Entered Level 10 of the Dungeon
  7782 | D:10     | Reached XP level 11. HP: 65/67 MP: 12/12
  7808 | D:10     | Found a staircase to the Lair.
  7864 | D:10     | Found a staircase to the Orcish Mines.
  8126 | D:10     | Noticed an unseen horror
  8154 | D:10     | Killed an unseen horror
  8154 | D:10     | Reached **** piety under Okawaru
  8248 | D:10     | Found a flagged portal.
  8258 | Bailey   | Entered a bailey
  8278 | Bailey   | Reached skill level 11 in Axes
  8748 | D:10     | Noticed an unseen horror
  8819 | D:10     | Killed an unseen horror
  8877 | D:10     | Found a white marble altar of Elyvilon.
  8885 | D:10     | Found a runed door.
  8889 | D:10     | Found a shadowy altar of Dithmenos.
  8904 | D:10     | Found a shimmering altar of Xom.
  8959 | D:10     | Found a blossoming altar of Fedhas.
  8998 | D:10     | Found a burning altar of Makhleb.
  9023 | D:10     | Found an opulent altar of Gozag.
  9098 | D:10     | Reached ***** piety under Okawaru
  9267 | D:10     | Noticed a flayed ghost
  9276 | D:10     | Killed a flayed ghost
  9281 | D:10     | Got a transparent war axe
  9282 | D:10     | Identified the +9 war axe of Sekumid {pain, rC++ rN+ Int+2}
                  | (You found it on level 10 of the Dungeon)
  9290 | D:10     | Got an ichor-stained scimitar
  9291 | D:10     | Identified the +4 scimitar "Vara" {flame, +Fly rC+ MR-}
                  | (You found it on level 10 of the Dungeon)
  9697 | D:11     | Found a labyrinth entrance.
  9711 | Lab      | Entered a labyrinth
  9982 | Lab      | Found an exit through the horrors of the Abyss.
 11348 | Lab      | Found an exit through the horrors of the Abyss.
 11623 | Lab      | Noticed a minotaur
 11637 | Lab      | Killed a minotaur
 11660 | Lab      | Got an encrusted cloak
 11666 | Lab      | Identified the +2 cloak of the Game of Life {-Cast rElec
                  | rF+ Regen+} (You found it in a labyrinth)
 11711 | D:11     | Found a stormy altar of Qazlal.
 11759 | D:11     | Reached XP level 12. HP: 75/75 MP: 13/13
 11830 | D:11     | Reached skill level 10 in Shields
 11947 | D:11     | Reached skill level 1 in Invocations
 11967 | D:11     | Reached skill level 12 in Axes
 12392 | D:12     | Received a gift from Okawaru
 12419 | D:12     | Got a bloodstained helmet
 12425 | D:12     | Identified the +0 helmet "Azoy" {MR+ rCorr} (You found it
                  | on level 12 of the Dungeon)
 12473 | D:12     | Got a shimmering trident
 12502 | D:12     | Found a white marble altar of Elyvilon.
 12581 | D:12     | Noticed Rupert
 12596 | D:12     | Killed Rupert
 13168 | D:13     | Reached skill level 13 in Axes
 13400 | D:13     | Noticed a stone giant
 13458 | D:13     | Killed a stone giant
 13458 | D:13     | Reached XP level 13. HP: 40/81 MP: 14/14
 14109 | D:13     | Gained mutation: You have a pair of small horns on your
                  | head. [potion of mutation]
 14109 | D:13     | Gained mutation: You are partially covered in thin metallic
                  | scales. (AC +2) [potion of mutation]
 14109 | D:13     | Gained mutation: Your large and strong wings let you fly
                  | indefinitely. [potion of mutation]
 14109 | D:13     | Gained mutation: You are resistant to hostile enchantments.
                  | (MR+) [potion of mutation]
 14152 | D:14     | Reached ****** piety under Okawaru
 14152 | D:14     | Received a gift from Okawaru
 14155 | D:14     | Got a spiked large shield {god gift}
 14178 | D:14     | Identified the +7 large shield "Idee" {rPois Dex+3}
                  | (Okawaru gifted it to you on level 14 of the Dungeon)
 14194 | D:14     | Reached skill level 10 in Fighting
 14258 | D:14     | Found a shimmering altar of Xom.
 14330 | D:14     | Found a runed gate.
 14330 | D:14     | Found a runed gate.
 14330 | D:14     | Found a runed gate.
 14330 | D:14     | Noticed a blizzard demon
 14353 | D:14     | Noticed Potaxt's ghost (journeyman GnEn)
 14401 | D:14     | Reached skill level 14 in Axes
 14687 | D:14     | Found a gate to the Vaults.
 14687 | D:14     | Noticed a vault guard
 14687 | D:14     | Noticed a vault guard
 14701 | D:14     | Killed a vault guard
 14703 | D:14     | Killed a vault guard
 14703 | D:14     | Received a gift from Okawaru
 15096 | D:15     | Entered Level 15 of the Dungeon
 15124 | D:15     | Mutation became permanent: Your large and strong wings let
                  | you fly indefinitely. [Gargoyle growth]
 15124 | D:15     | Gained mutation: Your large and strong wings let you fly
                  | indefinitely. [Gargoyle growth]
 15124 | D:15     | Reached XP level 14. HP: 88/88 MP: 15/15
 15257 | D:15     | Reached skill level 10 in Armour
 15436 | D:15     | Noticed a dire elephant
 15678 | D:15     | Found an ancient bone altar of Kikubaaqudgha.
 15686 | D:15     | Found a staircase to the Depths.
 15734 | D:15     | Killed a dire elephant
 15962 | Lair:1   | Entered Level 1 of the Lair of Beasts
 16081 | Lair:1   | Noticed Nergalle
 16092 | Lair:1   | Killed Nergalle
 16933 | Lair:2   | Reached skill level 15 in Axes
 18036 | Lair:3   | Found a transporter.
 18047 | Lair:3   | Noticed Vomp's ghost (journeyman MiFi)
 18067 | Lair:3   | Found a transporter.
 18084 | Lair:3   | Found a hole to the Spider Nest.
 18100 | Lair:3   | Received a gift from Okawaru
 18122 | Lair:3   | Reached skill level 1 in Stealth
 18894 | Lair:4   | Found a staircase to the Swamp.
 19039 | Lair:4   | Found a radiant altar of Vehumet.
 19881 | Lair:5   | Reached XP level 15. HP: 95/95 MP: 16/16
 20073 | Lair:5   | Received a gift from Okawaru
 20250 | Lair:5   | Found a runed door.
 20250 | Lair:5   | Found a viscous altar of Jiyva.
 20250 | Lair:5   | Noticed an acid blob
 20258 | Lair:5   | Found a staircase to the Slime Pits.
 20623 | Lair:6   | Entered Level 6 of the Lair of Beasts
 20667 | Lair:6   | Reached skill level 16 in Axes
 21150 | Lair:6   | Received a gift from Okawaru
 21150 | Lair:6   | Reached skill level 15 in Shields
 21247 | Lair:6   | Got a serpentine wooden ring
 21249 | Lair:6   | Identified the ring "Voju" {+Blink MR+ Int+2 Slay+3 Stlth-}
                  | (You found it on level 6 of the Lair of Beasts)
 21863 | Orc:1    | Entered Level 1 of the Orcish Mines
 22005 | Orc:2    | Entered Level 2 of the Orcish Mines
 22005 | Orc:2    | Found a staircase to the Elven Halls.
 22005 | Orc:2    | Noticed Azrael
 22024 | Orc:2    | Killed Azrael
 22053 | Orc:2    | Reached XP level 16. HP: 69/103 MP: 10/17
 22058 | Orc:2    | Found Xesir's Jewellery Boutique.
 22089 | Orc:2    | Received a gift from Okawaru
 22160 | Orc:2    | Found Mutza's Weapon Boutique.
 22216 | Orc:2    | Found Olegannush's Antique Weapon Shop.
 22221 | Orc:2    | Found Pocil's General Store.
 22340 | Orc:2    | Found Neucich's Antique Armour Shop.
 22359 | Orc:2    | Received a gift from Okawaru
 22369 | Orc:2    | Got a shimmering plate armour {god gift}
 22380 | Orc:2    | Identified the +3 plate armour of Existentialism {Int+4}
                  | (Okawaru gifted it to you on level 2 of the Orcish Mines)
 22573 | Orc:2    | Bought the +8 mithril axe "Arga" {speed, MR+} for 1744 gold
                  | pieces
 22573 | Orc:2    | Found the +8 mithril axe "Arga" {speed, MR+}
 22659 | Orc:2    | Bought the ring "Riurchyar" {rPois Str+4 Dex+2 Slay+2} for
                  | 532 gold pieces
 22958 | Elf:1    | Entered Level 1 of the Elven Halls
 23079 | Elf:1    | Found Suimale's Jewellery Boutique.
 23560 | Elf:2    | Reached skill level 17 in Axes
 23612 | Elf:2    | Found Guros's Antique Armour Shoppe.
 23868 | Elf:2    | Received a gift from Okawaru
 24019 | Elf:2    | Found a huge runed gate.
 24019 | Elf:2    | Found a huge runed gate.
 24019 | Elf:2    | Found a huge runed gate.
 24019 | Elf:2    | Found a huge runed gate.
 24022 | Elf:2    | Found a huge runed gate.
 24106 | Elf:2    | Reached XP level 17. HP: 78/109 MP: 18/18
 24270 | Elf:2    | Noticed an Ice Fiend
 24538 | Elf:2    | Noticed a deep elf blademaster
 24554 | Elf:2    | Killed a deep elf blademaster
 24762 | Elf:2    | Received a gift from Okawaru
 24905 | Elf:3    | Entered Level 3 of the Elven Halls
 25099 | Elf:3    | Noticed a deep elf blademaster
 25100 | Elf:3    | Noticed a deep elf blademaster
 25106 | Elf:3    | Noticed an Executioner
 25107 | Elf:3    | Noticed a Brimstone Fiend
 25112 | Elf:3    | Noticed a Brimstone Fiend
 25113 | Elf:3    | Killed a deep elf blademaster
 25114 | Elf:3    | Noticed a deep elf master archer
 25127 | Elf:3    | Killed a ghostly deep elf blademaster
 25130 | Elf:3    | Killed a deep elf blademaster
 25139 | Elf:3    | Killed a ghostly deep elf blademaster
 25139 | Elf:3    | Reached skill level 18 in Axes
 25146 | Elf:3    | Noticed a deep elf master archer
 25158 | Elf:3    | Received a gift from Okawaru
 25178 | Elf:3    | Killed a deep elf master archer
 25193 | Elf:3    | Noticed a Brimstone Fiend
 25196 | Elf:3    | Killed a ghostly deep elf master archer
 25202 | Elf:3    | Noticed a Tzitzimitl
 25219 | Elf:3    | Gained mutation: Your spells are a little easier to cast,
                  | but a little less powerful. [a cacodemon]
 25226 | Elf:3    | HP: 2/111 [deep elf high priest/divine providence (17)]
 25227 | Elf:3    | Shot with an arrow by a deep elf master archer

Skill      XL: |  1  2  3  4  5  6  7  8  9 10 11 12 13 14 15 16 17 |
---------------+----------------------------------------------------+-----
Axes           | 2 3 4 5 6 7 9 10 11 13 14 15 16 17 18 | 18.1
Dodging        | 1 2 |  2.3
Shields        | 4 5 6 8 9 11 12 13 15 16 17 | 17.1
Fighting       | 4 5 6 7 8 9 10 11 12 13 14 | 14.2
Armour         | 4 5 6 7 8 9 11 12 | 12.8
Polearms       | 1 |  1.4
Evocations     | 1 2 |  2.4
Throwing       | 1 2 3 |  3.0
Invocations    | 1 2 |  2.8
Stealth        | 1 |  1.2

Action                   |  1- 3 |  4- 6 |  7- 9 | 10-12 | 13-15 | 16-18 || total
-------------------------+-------+-------+-------+-------+-------+-------++-------
Melee: War axe           |   108 |   163 |   443 |   796 |  1024 |    71 ||  2605
       Trident           |       |       |    32 |       |       |       ||    32
       Headbutt          |       |       |       |       |   335 |   132 ||   467
       Hand axe          |       |       |       |       |    56 |       ||    56
       Broad axe         |       |       |       |       |       |   430 ||   430
Throw: Stone             |       |       |    13 |       |       |       ||    13
       Tomahawk          |       |       |       |    17 |       |       ||    17
       Javelin           |       |       |       |       |    26 |    14 ||    40
Invok: Heroism           |       |       |       |    11 |     3 |     1 ||    15
       Finesse           |       |       |       |       |     3 |     1 ||     4
 Abil: Evoke Berserk Rag |       |       |     3 |     6 |       |       ||     9
       Fly               |       |       |       |       |     1 |       ||     1
       Stop Flying       |       |       |       |       |     1 |       ||     1
Evoke: Wand              |       |       |     1 |       |       |     1 ||     2
       Phantom mirror    |       |       |       |       |       |     1 ||     1
  Use: Scroll            |     7 |     1 |    12 |    12 |     9 |       ||    41
       Potion            |       |       |     1 |     2 |     1 |     7 ||    11
 Stab: Held in net/web   |       |       |       |       |     2 |       ||     2
  Eat: Chunk             |     1 |     5 |     9 |    13 |    23 |     8 ||    59
       Ration            |       |       |     2 |     7 |     2 |       ||    11
Armor: Scale mail        |    69 |    45 |       |       |       |       ||   114
       Chain mail        |       |    73 |   297 |       |       |       ||   370
       Plate armour      |       |       |     9 |   258 |       |       ||   267
       Crystal plate arm |       |       |       |   316 |   460 |   114 ||   890
Dodge: Dodged            |    36 |    58 |   110 |   202 |    71 |    20 ||   497
Block: Shield            |    55 |    80 |   256 |   584 |    45 |       ||  1020
       Large shield      |       |       |       |       |  1263 |   411 ||  1674
